 Dungeon Crawl Stone Soup version 0.19-a0-1210-g5c1aa26 (webtiles) character file.

2209 JustSomeDude the Shield-Bearer (level 9, -10/69 HPs)
             Began as a Demonspawn Fighter on Aug 22, 2016.
             Was a Believer of Uskayaw.
             Mangled by an orc warrior
             ... wielding a +2 dire flail of protection
              (22 damage)
             ... on level 7 of the Dungeon.
             The game lasted 00:17:14 (6797 turns).

JustSomeDude the Shield-Bearer (Demonspawn Fighter) Turns: 6797, Time: 00:17:14

Health: -10/69     AC:  7    Str: 20    XL:     9   Next: 13%
Magic:  0/9        EV: 10    Int: 10    God:    Uskayaw [**....]
Gold:   67         SH: 20    Dex: 12    Spells: 0 memorised, 8 levels left

rFire  . . .     SeeInvis .     a - +0 war axe
rCold  + . .     Gourm    .     b - +0 scale mail
rNeg   + . .     Faith    .     D - +8 shield of Repulsion {rElec rC+ rN+ Stlth-}
rPois  .         Spirit   +     (helmet restricted)
rElec  +         Dismiss  .     (no cloak)
rCorr  +         Reflect  +     (no gloves)
MR     .....     Harm     .     (no boots)
Stlth  ..........               r - +2 amulet of reflection
                                G - ring of resist corrosion
                                C - ring of wizardry

@: no status effects
A: claws 1, horns 1, talons 1, magic shield, magic regeneration
a: Stomp, Line Pass, Renounce Religion


You were on level 7 of the Dungeon.
You worshipped Uskayaw.
Uskayaw was noncommittal.
You were hungry.

You visited 2 branches of the dungeon, and saw 8 of its levels.
You also visited: Sewer.

You collected 304 gold pieces.
You spent 237 gold pieces at shops.

Inventory:

Hand Weapons
 a - a +0 war axe (weapon)
Armour
 b - a +0 scale mail (worn)
 c - a +0 shield
 D - the +8 shield of Repulsion (worn) {rElec rC+ rN+ Stlth-}
   (You bought it in a shop on level 5 of the Dungeon)

   It protects you from cold.
   It insulates you from electricity.
   It protects you from negative energy.
   It makes you less stealthy.
Jewellery
 r - a +2 amulet of reflection (around neck)
 A - an uncursed amulet of magic regeneration
 C - a ring of wizardry (left claw)
 G - a ring of resist corrosion (right claw)
 H - an uncursed amulet of regeneration
Wands
 d - a wand of paralysis (8/24)
 y - a wand of acid (2/15)
 B - a wand of random effects (23/48)
 M - a wand of slowing (26/48)
Scrolls
 e - 6 scrolls of remove curse {unknown}
 g - 9 scrolls of teleportation {unknown}
 h - 4 scrolls of fear {unknown}
 j - 5 scrolls of blinking {unknown}
 l - 7 scrolls of identify {unknown}
 m - 2 scrolls of amnesia {unknown}
 n - 2 scrolls of recharging {unknown}
 q - a scroll of noise {unknown}
 t - 4 scrolls of random uselessness {unknown}
 v - 2 scrolls of enchant armour {unknown}
 E - a scroll of enchant weapon {unknown}
 I - 2 scrolls of magic mapping {unknown}
 J - a scroll of immolation {unknown}
 O - 3 scrolls of fog {unknown}
Potions
 i - 3 potions of haste {unknown}
 k - a potion of lignification {unknown}
 o - 7 potions of curing
 p - 2 potions of magic {unknown}
 s - 3 potions of cancellation {unknown}
 u - 3 potions of agility
 w - 7 potions of heal wounds {unknown}
 x - 3 potions of brilliance {unknown}
 z - a potion of degeneration {unknown}
 L - a potion of flight {unknown}
 N - a potion of resistance {unknown}
Comestibles
 f - 9 bread rations
 F - 8 beef jerkies
 K - 2 meat rations
 P - 3 fruits


   Skills:
 + Level 5.8 Fighting
 + Level 5.4 Axes
 + Level 5.1 Armour
 + Level 4.1 Dodging
 + Level 1.5 Stealth
 + Level 6.3 Shields


You had 8 spell levels left.
You didn't know any spells.

Dungeon Overview and Level Annotations

Branches:
Dungeon (7/15)             Temple (1/1) D:7

Altars:
Ashenzari
Cheibriados
Dithmenos
Elyvilon
Fedhas
Gozag
Hepliaklqana
Kikubaaqudgha
Makhleb
Nemelex Xobeh
Okawaru
Qazlal
Ru
Sif Muna
Trog
Uskayaw
Vehumet
Xom
Yredelemnul
Zin
The Shining One

Shops:
D:5 *   D:6 *[*}


Innate Abilities, Weirdness & Mutations

You have sharp fingernails.
You have a pair of small horns on your head.
You have sharp toenails.
When hurt, damage is shared between your health and your magic reserves.
You regenerate magic rapidly.


Message History

You claw the orc warrior, but do no damage.
The orc warrior is heavily wounded.
The orc warrior hits you with a dire flail of protection.
* * * LOW HITPOINT WARNING * * *
Okay, then.
You don't have enough magic at the moment.
You closely miss the orc warrior.
You claw the orc warrior, but do no damage.
The orc warrior is heavily wounded.
You block the orc warrior's attack.
You barely miss the orc warrior. Your kick misses the orc warrior.
The orc warrior is heavily wounded.
You block the orc warrior's attack.
You stomp with the beat, sending a shockwave through the revelers around you!
The orc warrior is severely wounded.
You feel somewhat more hungry. You block the orc warrior's attack.
You barely miss the orc warrior.
The orc warrior is severely wounded.
The orc warrior hits you with a dire flail of protection!!
You die...

...... #.....#
....%.# .......
....... .# ......_
#.# ####o...... #..#
####..@)...... #..#
###......).....#
#..##...........)...
#.......$..........
##.......####......
##....#### #.....
#..#### ##...
#..<### #..
###..[###


You could see an orc warrior.

Vanquished Creatures
  The ghost of mopl the Caller, a novice DrSu of Sif Muna (D:6)
  A centaur zombie (D:7)
  2 necrophages
  2 ogres
  A centaur (D:3)
  4 big kobolds (Sewer)
  An electric eel (D:6)
  2 crimson imps
  A hound (D:3)
  A jelly (D:7)
  4 orc wizards
  7 worker ants
  A hound zombie (D:5)
  11 adders
  6 river rats (Sewer)
  2 oozes
  A worm (D:3)
  10 dart slugs (D:6)
  2 giant geckos
  11 orcs
  5 ball pythons
  4 bats
  6 giant cockroaches
  8 goblins
  8 hobgoblins
  18 jackals
  5 quokkas
  A giant gecko skeleton (D:5)
  A giant gecko zombie (D:6)
  3 giant newts
  17 kobolds
  A quokka zombie (D:5)
  25 rats
173 creatures vanquished.

Notes
Turn   | Place    | Note
-------+----------+-------------------------------------------
     0 | D:1      | JustSomeDude the Demonspawn Fighter began the quest for the Orb.
     0 | D:1      | Reached XP level 1. HP: 18/18 MP: 1/1
   285 | D:1      | Gained mutation: When hurt, damage is shared between your health and your magic reserves. [demonic ancestry]
   285 | D:1      | Reached XP level 2. HP: 24/24 MP: 2/2
  1014 | D:2      | Reached XP level 3. HP: 10/29 MP: 1/3
  1392 | D:2      | Found a faded altar of an unknown god.
  1544 | D:3      | Noticed a centaur
  1563 | D:3      | Killed a centaur
  1563 | D:3      | Reached skill level 1 in Dodging
  1563 | D:3      | Reached skill level 3 in Shields
  1563 | D:3      | Reached XP level 4. HP: 13/36 MP: 1/4
  1787 | D:3      | Gained mutation: You have sharp fingernails. [demonic ancestry]
  1787 | D:3      | Reached XP level 5. HP: 19/41 MP: 5/5
  1800 | D:3      | Found a glowing drain.
  1805 | Sewer    | Entered a sewer
  2137 | Sewer    | Reached XP level 6. HP: 41/48 MP: 6/6
  2440 | Sewer    | Reached skill level 4 in Shields
  2724 | Sewer    | Gained mutation: You have sharp toenails. [demonic ancestry]
  2724 | Sewer    | Reached XP level 7. HP: 32/55 MP: 7/7
  3933 | D:5      | Entered Level 5 of the Dungeon
  4152 | D:5      | Found Muive's Assorted Antiques.
  4272 | D:5      | Reached skill level 5 in Fighting
  5526 | D:5      | Gained mutation: You regenerate magic rapidly. [demonic ancestry]
  5526 | D:5      | Reached XP level 8. HP: 61/61 MP: 8/8
  5557 | D:5      | Bought a slimy shield for 237 gold pieces
  5567 | D:5      | Identified the +8 shield of Repulsion {rElec rC+ rN+ Stlth-} (You bought it in a shop on level 5 of the Dungeon)
  5595 | D:6      | Noticed mopl's ghost (novice DrSu)
  5856 | D:6      | Killed mopl's ghost
  5856 | D:6      | Reached skill level 1 in Stealth
  5856 | D:6      | Reached skill level 5 in Shields
  6180 | D:6      | Found Qudetur's Armour Boutique.
  6180 | D:6      | Found Saylywotz's Gadget Boutique.
  6182 | D:6      | Found Pucaod's Assorted Antiques.
  6182 | D:6      | Found Fijaxzin's Assorted Antiques.
  6527 | D:7      | Found a staircase to the Ecumenical Temple.
  6554 | D:7      | Reached skill level 5 in Axes
  6554 | D:7      | Reached skill level 5 in Armour
  6581 | Temple   | Entered the Ecumenical Temple
  6654 | Temple   | Became a worshipper of Uskayaw the Reveler
  6693 | D:7      | Reached * piety under Uskayaw
  6694 | D:7      | Reached skill level 6 in Shields
  6698 | D:7      | Reached ** piety under Uskayaw
  6715 | D:7      | Reached *** piety under Uskayaw
  6716 | D:7      | Gained mutation: You have a pair of small horns on your head. [demonic ancestry]
  6716 | D:7      | Reached XP level 9. HP: 69/69 MP: 9/9
  6774 | D:7      | Found a sparkling altar of Nemelex Xobeh.
  6797 | D:7      | Mangled by an orc warrior

Vault maps used:
D:1:      dpeg_arrival_houses_and_road, bh_walls_and_bars
D:2:      first_bread, ecumenical_altar_1, minmay_box_of_dots
D:3:      gup_sewer_entry_spiral
D:4:      corexii_shack_village
D:5:      serial_shops, nicolae_shop_overgrown_old_shop
D:6:      kennysheep_slugbush, minmay_shop_grid_forest
D:7:      lemuel_bear_cage, basic_altar, grunt_ogre_cave
Temple:   grunt_wide_crystal_templ
Sewer:    sewer_minmay_treatment

Skill      XL: |  1  2  3  4  5  6  7  8 |
---------------+-------------------------+-----
Axes           | 2 3 4 5 |  5.4
Armour         | 3 4 5 |  5.1
Dodging        | 1 2 3 4 |  4.1
Shields        | 3 4 6 |  6.3
Fighting       | 4 5 |  5.8
Stealth        | 1 |  1.5

Action                   |  1- 3 |  4- 6 |  7- 9 || total
-------------------------+-------+-------+-------++-------
Melee: War axe           |    82 |   162 |   349 ||   593
       Kick              |       |       |   104 ||   104
       Headbutt          |       |       |     8 ||     8
Invok: Stomp             |       |       |     1 ||     1
  Use: Potion            |     2 |       |     2 ||     4
 Stab: Invisible         |       |       |     3 ||     3
       Paralysed         |       |       |     4 ||     4
  Eat: Meat ration       |       |     1 |       ||     1
       Chunk             |       |     1 |    12 ||    13
       Pizza             |       |       |     1 ||     1
Armor: Scale mail        |    51 |    84 |    96 ||   231
Dodge: Dodged            |    31 |    58 |   113 ||   202
Block: Shield            |    50 |   125 |   311 ||   486
       Reflection        |       |     1 |    10 ||    11
